 Dungeon Crawl Stone Soup version 0.19-a0-1008-g4c63d25 (webtiles) character file.

294 epen the Changer (level 6, 0/46 HPs)
             Began as a Merfolk Transmuter on July 23, 2016.
             Blown up by a kobold (20 damage)
             ... with a wand of disintegration
             ... on level 3 of the Dungeon.
             The game lasted 00:05:53 (3699 turns).

epen the Changer (Merfolk Transmuter)               Turns: 3699, Time: 00:05:54

Health: 0/46       AC:  3    Str: 11    XL:     6   Next: 34%
Magic:  10/11      EV: 14    Int: 14    God:
Gold:   114        SH:  2    Dex: 14    Spells: 3 memorised, 6 levels left

rFire  . . .     SeeInvis .       - Unarmed
rCold  . . .     Gourm    .     b - +0 robe
rNeg   . . .     Faith    .     (no shield)
rPois  .         Spirit   .     (no helmet)
rElec  .         Dismiss  .     s - +0 cloak
rCorr  +         Reflect  +     (no gloves)
SustAt .         Harm     .     (no boots)
MR     .....                    k - +2 amulet of reflection
Stlth  +.........               (no ring)
                                i - ring of resist corrosion

@: not resistant to hostile enchantments, very unstealthy
A: change form in water, swift swim
a: no special abilities


You were on level 3 of the Dungeon.
You were not hungry.

You visited 1 branch of the dungeon, and saw 3 of its levels.

You collected 114 gold pieces.

Inventory:

Hand Weapons
 o - a +1 dagger of electrocution
Missiles
 a - 48 arrows
Armour
 b - a +0 robe (worn)
 s - a +0 cloak (worn)
Jewellery
 i - a ring of resist corrosion (left hand)
 k - a +2 amulet of reflection (around neck)
 q - an uncursed ring of wizardry {unknown}
Wands
 h - a wand of random effects (21/48)
Scrolls
 f - 2 scrolls of remove curse
 p - a scroll of identify {unknown}
Potions
 e - a potion of lignification {unknown}
 j - a potion of curing {unknown}
 l - a potion of brilliance {unknown}
 m - a potion of haste
 n - 3 potions of degeneration {unknown}
Books
 c - a book of Changes

   Spells                             Type                      Level
   a - Beastly Appendage              Transmutation                1
   b - Sticks to Snakes               Transmutation                2
   c - Spider Form                    Transmutation/Poison         3
   d - Ice Form                       Ice/Transmutation            4
   e - Blade Hands                    Transmutation                5
Comestibles
 d - a bread ration
 g - 2 slices of pizza


   Skills:
 + Level 2.7 Fighting
 + Level 4.2 Dodging
 + Level 4.0 Unarmed Combat
 * Level 3.5 Spellcasting
 * Level 4.9 Transmutations


You had 6 spell levels left.
You knew the following spells:

 Your Spells              Type           Power        Failure   Level  Hunger
a - Beastly Appendage     Tmut           ###...       2%          1    #......
b - Sticks to Snakes      Tmut           ###.....     4%          2    ##.....
c - Spider Form           Tmut/Pois      #.........   24%         3    ###....


Dungeon Overview and Level Annotations

Branches:
Dungeon (3/15)

Altars:

Annotations:
D:3 removeelyvilon's ghost, weakling DsSu


Message History

The white imp is severely wounded.
The white imp completely misses you.
You barely miss the white imp.
The white imp is almost dead.
The white imp misses you.
You hit the white imp but do no damage.
The white imp is almost dead.
The white imp misses you.
You hit the white imp.
You kill the white imp!
Removeelyvilon's ghost casts a spell.
You closely miss the kobold. The kobold completely misses you.
You hit the kobold but do no damage.
The shadow imp shouts, "Decamp, thou venomed weevil-witted giglet!"
The kobold hits you but does no damage.
You closely miss the kobold. The kobold closely misses you.
You hit the kobold.
The kobold is moderately wounded.
The kobold zaps a wand.
You are blasted!
You die...

.##.......#
.........#
#>...%..#
####.......#
...........#
#......55#
##.....KsW#
#.....##K##
#..### #@# ####
#..#####.#
.....##......#.#
.. ..........#
#.##.#......#
#...........#
####.#......#
#.#.†....#
##.#.##.###


You could see removeelyvilon's ghost, a white imp, a shadow imp, a giant
cockroach and 2 kobolds.

Vanquished Creatures
  A centaur skeleton (D:2)
  Crazy Yiuf (D:2)
  Jessica (D:2)
  Natasha (thrice) (D:2)
  4 gnolls (D:2)
  3 adders
  4 worms (D:2)
  A dart slug (D:2)
  4 giant cockroaches
  4 goblins
  8 hobgoblins
  9 jackals (D:1)
  A quokka (D:2)
  A ball python (D:2)
  10 bats
  3 giant newts
  5 kobolds
  2 rats (D:2)
65 creatures vanquished.

Vanquished Creatures (collateral kills)
  A goblin (D:1)
1 creature vanquished.

Grand Total: 66 creatures vanquished

Notes
Turn   | Place    | Note
-------+----------+-------------------------------------------
     0 | D:1      | epen the Merfolk Transmuter began the quest for the Orb.
     0 | D:1      | Reached XP level 1. HP: 15/15 MP: 3/3
   211 | D:1      | Reached XP level 2. HP: 17/21 MP: 3/5
   240 | D:1      | Learned a level 2 spell: Sticks to Snakes
   681 | D:1      | Reached XP level 3. HP: 17/26 MP: 4/6
   794 | D:1      | Learned a level 3 spell: Spider Form
  1703 | D:2      | Found a runed door.
  1985 | D:2      | Reached XP level 4. HP: 33/33 MP: 3/8
  2031 | D:2      | Noticed Natasha
  2037 | D:2      | Killed Natasha
  2163 | D:2      | Reached XP level 5. HP: 15/38 MP: 1/9
  2244 | D:2      | Noticed Jessica
  2256 | D:2      | Killed Jessica
  2604 | D:2      | Noticed Natasha
  2613 | D:2      | Killed Natasha
  2792 | D:2      | Noticed Natasha
  2796 | D:2      | Killed Natasha
  3092 | D:2      | Reached XP level 6. HP: 44/46 MP: 6/11
  3338 | D:2      | Noticed Crazy Yiuf
  3349 | D:2      | Killed Crazy Yiuf
  3675 | D:3      | Noticed removeelyvilon's ghost (weakling DsSu)
  3699 | D:3      | Blown up by a kobold

Vault maps used:
D:1:      lemuel_arrival_broad_hall, minmay_quantized
D:2:      uniq_crazy_yiuf_cottage, uniq_natasha, uniq_jessica
D:3:      gup_sewer_entry_bubbles, first_bread, xom_teletrap_fun, uniq_iyjb

Skill      XL: |  1  2  3  4  5 |
---------------+----------------+-----
Transmutations | 3 4 |  4.9
Dodging        | 3 4 |  4.2
Fighting       | 2 |  2.7
Spellcasting   | 3 |  3.5
Unarmed Combat | 4 |  4.0

Action                   |  1- 3 |  4- 6 || total
-------------------------+-------+-------++-------
Melee: Unarmed           |   150 |   131 ||   281
       Headbutt          |    13 |       ||    13
       Dagger            |    23 |       ||    23
 Cast: Beastly Appendage |    10 |     1 ||    11
       Sticks to Snakes  |     6 |       ||     6
       Spider Form       |     1 |    12 ||    13
  Use: Scroll            |       |     1 ||     1
       Potion            |       |     1 ||     1
 Stab: Sleeping          |     2 |     1 ||     3
  Eat: Chunk             |     4 |     8 ||    12
Armor: Robe              |    39 |     8 ||    47
       Skin              |       |     3 ||     3
Dodge: Dodged            |   120 |    93 ||   213
Block: Other             |     7 |     8 ||    15
